 Dungeon Crawl Stone Soup version 0.28.0-43-g3370ac3207 (webtiles) character file.

Game seed: 490154954546792079

46 crimpus the Shield-Bearer (level 3, -11/31 HPs)
             Began as a Demigod Fighter on Mar 6, 2022.
             Mangled by an ogre
             ... wielding a +0 giant spiked club
              (15 damage)
             ... on level 2 of the Dungeon.
             The game lasted 00:03:25 (1553 turns).

crimpus the Shield-Bearer (Demigod Fighter)         Turns: 1553, Time: 00:03:26

Health: -11/31     AC: 12    Str: 21    XL:     3   Next: 26%
Magic:  5/5        EV:  7    Int: 10    God:
Gold:   4          SH:  4    Dex: 13    Spells: 2/2 levels left

rFire   . . .      SeeInvis .   a - +0 flail
rCold   . . .      Faith    .   c - +0 buckler
rNeg    . . .      Spirit   .   f - +0 chain mail
rPois   +          Reflect  .   (no helmet)
rElec   .          Harm     .   (no cloak)
rCorr   .          Rampage  .   k - +0 pair of gloves
Will    .....                   (no boots)
Stlth   ..........              (no amulet)
HPRegen 0.10/turn               (no ring)
MPRegen 0.09/turn               (no ring)

@: mighty
A: high MP 1, forlorn, divine attributes, claws 1, iridescent scales 1, poison
resistance
a: no special abilities


You were on level 2 of the Dungeon.
You visited 1 branch of the dungeon, and saw 2 of its levels.

You collected 4 gold pieces.

Inventory:

Hand Weapons
 a - a +0 flail (weapon)
Armour
 c - a +0 buckler (worn)
 f - a +0 chain mail (worn)
 k - a +0 pair of gloves (worn)


   Skills:
 + Level 3.0 Fighting
 + Level 2.3 Maces & Flails
 + Level 3.1 Armour
 + Level 3.1 Shields


You had 2 spell levels left.
You didn't know any spells.
Your spell library was empty.

Dungeon Overview and Level Annotations

Branches:
Dungeon (2/15)


Innate Abilities, Weirdness & Mutations

You have an increased reservoir of magic. (+10% MP)
You shall have no god before yourself.
Your divine heritage dramatically boosts your attributes as you level up.
You have sharp fingernails.
You are partially covered in iridescent scales. (AC +2)
Your system is resistant to poisons. (rPois)


Message History

You are too injured to fight recklessly!
A kobold is nearby!
The kobold hits you with a +1 whip of freezing.
The kobold freezes you.
* * * LOW HITPOINT WARNING * * *
You are too injured to fight recklessly!
You barely miss the kobold. The kobold closely misses you.
You miss the kobold.
The kobold throws a stone.
The stone closely misses you.
You hit the adder.
The adder is heavily wounded.
The kobold hits you but does no damage. The adder bites you.
* * * LOW HITPOINT WARNING * * *
The adder bites you but does no damage. The kobold barely misses you.
The adder bites you but does no damage. You block the adder's attack.
The adder bites you but does no damage. You block the adder's attack.
The adder bites you but does no damage.
An ogre comes into view. It is wielding a +0 giant spiked club.
The ogre shouts!
You hit the adder.
The adder is heavily wounded.
The adder bites you but does no damage. x2
You thump the adder!
You kill the adder!
You feel very mighty all of a sudden. You block the kobold's attack.
You sock the kobold!
You kill the kobold!
The ogre barely misses you.
You barely miss the ogre. The kobold hits you but does no damage.
The ogre hits you with a +0 giant spiked club.
* * * LOW HITPOINT WARNING * * *
The kobold hits you with a +0 short sword.
* * * LOW HITPOINT WARNING * * *
You sock the ogre!
The ogre is moderately wounded.
You block the kobold's attack.
The ogre hits you with a +0 giant spiked club!
You die...

##### #...#
###.#.#########
..K.#.........####
#.#####......K...#
#...#...####..##.#
..#.#.### ##>##.#
###...# #.##K#
##### #.##@# #.##O#
####### #.##.##
#.....#
#.#...#####.###.#
#...#....†....#.#
###...#####.#.#.#
#.#######....<#####
#.##......###......
#.##.#####.#.######


You could see an ogre and a kobold.

Vanquished Creatures
  An adder (D:2)
  5 endoplasms (D:1)
  A giant cockroach (D:1)
  2 goblins (D:1)
  3 hobgoblins (D:1)
  5 jackals (D:1)
  A kobold (D:2)
  6 ball pythons
  5 bats (D:1)
  2 frilled lizards
  2 rats (D:1)
33 creatures vanquished.

Notes
Turn   | Place    | Note
-------+----------+-------------------------------------------
     0 | D:1      | crimpus the Demigod Fighter began the quest for the Orb.
     0 | D:1      | Reached XP level 1. HP: 18/18 MP: 3/3
   567 | D:1      | Reached XP level 2. HP: 25/25 MP: 4/4
  1258 | D:1      | Gained mutation: You have sharp fingernails. [potion of
                  | mutation]
  1258 | D:1      | Gained mutation: You are partially covered in iridescent
                  | scales. (AC +2) [potion of mutation]
  1258 | D:1      | Gained mutation: Your system is resistant to poisons.
                  | (rPois) [potion of mutation]
  1441 | D:2      | Reached XP level 3. HP: 25/31 MP: 5/5
  1547 | D:2      | Noticed an ogre
  1553 | D:2      | Mangled by an ogre

Illustrated notes

Levels and vault maps discovered:
D:1:      dpeg_cavernosity, layout_rooms, minmay_tall_x
D:2:      layout_loops_ring, dilly_ecumenical_altar_fadedgnrine, uniq_natasha

Skill      XL: |  1  2 |
---------------+-------+-----
Shields        | 3 |  3.1
Maces & Flails | 2 |  2.3
Armour         | 3 |  3.1
Fighting       | 3 |  3.0

Action                   || total
-------------------------++-------
Melee: Flail             ||   107
  Use: Scroll            ||     3
       Potion            ||     4
Armor: Chain mail        ||   106
Dodge: Dodged            ||    42
Block: Buckler           ||    28
